 Dungeon Crawl Stone Soup version 0.25-a0-571-gb5e01bddfa (webtiles) character file.

Game seed: 16835595605169696198, levelgen mode: deterministic

154 ReteAZ the Shield-Bearer (level 5, -1/47 HPs)
             Began as a Gnoll Fighter on Feb 29, 2020.
             Slain by an orc
             ... wielding a +0 mace
              (3 damage)
             ... on level 2 of the Dungeon.
             The game lasted 00:05:26 (1744 turns).

ReteAZ the Shield-Bearer (Gnoll Fighter)            Turns: 1744, Time: 00:05:27

Health: -1/47      AC:  9    Str: 18    XL:     5   Next: 36%
Magic:  7/7        EV:  8    Int: 11    God:
Gold:   116        SH: 10    Dex: 15    Spells: 6/6 levels left

rFire    . . .     SeeInvis .     - Unarmed
rCold    . . .     Gourm    .   b - +0 kite shield
rNeg     . . .     Faith    .   a - +0 scale mail
rPois    .         Spirit   .   r - +0 helmet
rElec    .         Reflect  .   (no cloak)
rCorr    .         Harm     .   (no gloves)
MR       .....                  (no boots)
Stlth    ..........             (no amulet)
HPRegen  0.15/turn              (no ring)
MPRegen  0.10/turn              (no ring)

@: no status effects
A: distributed training, fangs 1, strong nose
a: no special abilities


You were on level 2 of the Dungeon.
You were not hungry.

You visited 1 branch of the dungeon, and saw 3 of its levels.

You collected 116 gold pieces.

Inventory:

Missiles
 g - 89 stones
 p - 30 poisoned darts (quivered)
Armour
 a - a +0 scale mail (worn)
 b - a +0 kite shield (worn)
 r - a +0 helmet (worn)
Scrolls
 e - a scroll of magic mapping {unknown}
 f - a scroll of teleportation {unknown}
 l - 3 scrolls of remove curse {unknown}
 o - 2 scrolls of identify {unknown}
 q - a scroll of amnesia {unknown}
Potions
 c - a potion of might
 h - a potion of curing {unknown}
 i - a potion of haste {unknown}
 k - a potion of flight {unknown}
 m - a potion of resistance {unknown}
 n - 2 potions of stabbing {unknown}
Comestibles
 d - 4 rations
 j - 4 chunks of flesh


   Skills:
 + Level 6.7 Fighting
 + Level 1.4 Short Blades
 + Level 1.4 Long Blades
 + Level 1.4 Axes
 + Level 1.4 Maces & Flails
 + Level 1.4 Polearms
 + Level 1.4 Staves
 + Level 1.4 Slings
 + Level 1.4 Bows
 + Level 1.4 Crossbows
 + Level 1.4 Throwing
 + Level 6.7 Armour
 + Level 1.4 Dodging
 + Level 1.4 Stealth
 + Level 6.7 Shields
 + Level 4.7 Unarmed Combat
 + Level 1.4 Spellcasting
 + Level 1.1 Conjurations
 + Level 1.1 Hexes
 + Level 1.1 Charms
 + Level 1.1 Summonings
 + Level 1.1 Necromancy
 + Level 1.1 Translocations
 + Level 1.1 Transmutations
 + Level 1.1 Fire Magic
 + Level 1.1 Ice Magic
 + Level 1.1 Air Magic
 + Level 1.1 Earth Magic
 + Level 1.1 Poison Magic
 + Level 1.6 Invocations
 + Level 1.4 Evocations


You had 6 spell levels left.
You didn't know any spells.
Your spell library was empty.

Dungeon Overview and Level Annotations

Branches:
Dungeon (3/15)

Altars:
Makhleb
Ru


Innate Abilities, Weirdness & Mutations

Your experience applies equally to all skills.
You have very sharp teeth.
Your uncanny sense of smell can sniff out nearby items.


Message History

You hit the orc but do no damage.
You hear the slow rusting of a very distant drain.
The orc closely misses you.
You closely miss the orc.
The orc priest mumbles some strange prayers to Beogh against you.
Beogh smites you!
* * * LOW HITPOINT WARNING * * *
The orc barely misses you.
The orc priest mumbles some strange prayers to Beogh against you.
Beogh smites you!
* * * LOW HITPOINT WARNING * * *
You climb upwards.
There is a stone staircase leading down here.
You hit the orc.
The orc is heavily wounded.
The orc hits you but does no damage.
Your shield and scale mail prevent you from hitting the orc.
The orc is heavily wounded.
The orc hits you with a +0 mace.
You die...

#.#..#.#.#.....# ##)##..
#.##........>..# #.)####
#.##.#.#.#.....# ###).....
#)##...........### #.....##.
#.#########..#...########.###....
#.## #...............###.### #..#
#.....##............[.. ##.#
#.....##.......###.....
##.########.....@....###.........
.................o............###
.#...#.####....#..#.##...########
.÷>......##.......#.#..<.#.#.#...
.........................##÷#....
####.#.####...........#..#.#..#.#
# #.#.# #..............##..##)#
## #.#.# ##..............#..##...
.# #...###...............#.##..).


You could see an orc.

Vanquished Creatures
  Jessica (D:2)
  Robin (D:2)
  2 adders (D:2)
  An ooze (D:2)
  3 worms
  3 dart slugs (D:2)
  2 leopard geckos (D:1)
  3 orcs (D:3)
  A ball python (D:1)
  7 bats
  4 giant cockroaches
  16 goblins
  8 hobgoblins
  2 quokkas
  4 frilled lizards
  7 kobolds
  7 rats
72 creatures vanquished.

Notes
Turn   | Place    | Note
-------+----------+-------------------------------------------
     0 | D:1      | ReteAZ the Gnoll Fighter began the quest for the Orb.
     0 | D:1      | Reached XP level 1. HP: 23/23 MP: 1/1
    12 | D:1      | Noticed an electric eel
   301 | D:1      | Reached XP level 2. HP: 29/29 MP: 2/2
   856 | D:1      | Reached XP level 3. HP: 30/35 MP: 3/3
   914 | D:2      | Noticed Jessica
   970 | D:2      | Noticed Robin
  1059 | D:2      | Reached skill level 1 in Invocations
  1105 | D:2      | Reached skill level 1 in Short Blades
  1105 | D:2      | Reached skill level 1 in Long Blades
  1105 | D:2      | Reached skill level 1 in Axes
  1105 | D:2      | Reached skill level 1 in Maces & Flails
  1105 | D:2      | Reached skill level 1 in Polearms
  1105 | D:2      | Reached skill level 1 in Staves
  1105 | D:2      | Reached skill level 1 in Slings
  1105 | D:2      | Reached skill level 1 in Bows
  1105 | D:2      | Reached skill level 1 in Crossbows
  1105 | D:2      | Reached skill level 1 in Throwing
  1105 | D:2      | Reached skill level 1 in Dodging
  1105 | D:2      | Reached skill level 1 in Stealth
  1105 | D:2      | Reached skill level 1 in Spellcasting
  1105 | D:2      | Reached skill level 1 in Evocations
  1105 | D:2      | Reached XP level 4. HP: 37/41 MP: 5/5
  1299 | D:2      | Found a sacrificial altar of Ru.
  1361 | D:2      | Killed Robin
  1361 | D:2      | Reached skill level 1 in Conjurations
  1361 | D:2      | Reached skill level 1 in Hexes
  1361 | D:2      | Reached skill level 1 in Charms
  1361 | D:2      | Reached skill level 1 in Summonings
  1361 | D:2      | Reached skill level 1 in Necromancy
  1361 | D:2      | Reached skill level 1 in Translocations
  1361 | D:2      | Reached skill level 1 in Transmutations
  1361 | D:2      | Reached skill level 1 in Fire Magic
  1361 | D:2      | Reached skill level 1 in Ice Magic
  1361 | D:2      | Reached skill level 1 in Air Magic
  1361 | D:2      | Reached skill level 1 in Earth Magic
  1361 | D:2      | Reached skill level 1 in Poison Magic
  1400 | D:2      | Killed Jessica
  1400 | D:2      | Reached XP level 5. HP: 40/47 MP: 6/6
  1685 | D:3      | Found a burning altar of Makhleb.
  1741 | D:3      | HP: 2/47 [orc priest/divine providence (11)]
  1744 | D:2      | Slain by an orc

Levels and vault maps discovered:
D:1:      arrival_aquarium_a, layout_basic, minmay_split_cup_small
D:2:      minmay_diamond_boxcup, layout_rooms, old_standard_altar, serial_glass,
          glass_columns_b, glass_columns_b, uniq_robin, uniq_jessica
D:3:      layout_basic, lemuel_round_altar, cheibrodos_sewer_entry_bend

Skill      XL: |  1  2  3  4 |
---------------+-------------+-----
Invocations    | 1 |  1.6
Short Blades   | 1 |  1.4
Long Blades    | 1 |  1.4
Axes           | 1 |  1.4
Maces & Flails | 1 |  1.4
Polearms       | 1 |  1.4
Staves         | 1 |  1.4
Slings         | 1 |  1.4
Bows           | 1 |  1.4
Crossbows      | 1 |  1.4
Throwing       | 1 |  1.4
Dodging        | 1 |  1.4
Stealth        | 1 |  1.4
Spellcasting   | 1 |  1.4
Evocations     | 1 |  1.4
Conjurations   | 1 |  1.1
Hexes          | 1 |  1.1
Charms         | 1 |  1.1
Summonings     | 1 |  1.1
Necromancy     | 1 |  1.1
Translocations | 1 |  1.1
Transmutations | 1 |  1.1
Fire Magic     | 1 |  1.1
Ice Magic      | 1 |  1.1
Air Magic      | 1 |  1.1
Earth Magic    | 1 |  1.1
Poison Magic   | 1 |  1.1
Fighting       | |  6.7
Armour         | |  6.7
Shields        | |  6.7
Unarmed Combat | |  4.7

Action                   |  1- 3 |  4- 6 || total
-------------------------+-------+-------++-------
Melee: Unarmed           |   106 |   111 ||   217
       Bite              |    13 |    14 ||    27
  Eat: Chunk             |       |     3 ||     3
Armor: Scale mail        |    43 |    26 ||    69
Dodge: Dodged            |    25 |    32 ||    57
Block: Kite shield       |    59 |    43 ||   102

Table legend:
 A = Non-vault XP
 B = Vault XP
 C = Vault XP percentage of total XP
 D = Non-vault monster count
 E = Vault monster count
 F = Vault count percentage of total count
                 A         B        C        D         E       F
            +---------+---------+-------+---------+---------+-------
      Total |     118 |     103 |  46.6 |      48 |      24 |  33.3
            +---------+---------+-------+---------+---------+-------
        D:1 |      27 |      11 |  28.9 |      15 |       6 |  28.6
        D:2 |      73 |      92 |  55.8 |      27 |      18 |  40.0
        D:3 |      18 |       0 |   0.0 |       6 |       0 |   0.0
            +---------+---------+-------+---------+---------+-------
